AoeStats
← EMPEROR98265292

Arabia

510126004Analyzed
2v2 RM · 3d ago on Sep 29, 2026· 28m 32s· 4 players
Game mode
Random Map
Map size
Medium (4 player)
Population
200
Speed
Normal
Resources
Standard
Victory
Conquest
Starting age
Dark Age
Ending age
Imperial Age
RankedLock teamsTeams togetherTeam positionsShared explorationLock speedFull tech treeHidden civsTurbo modeCheats
Victory
Defeat
🇮🇳 Saxons · India
1542
+9
🇮🇳 Persians · India
1369
+16
🇩🇪 Saracens · Germany
1449
-15
🇩🇪 Persians · Germany
1313
-10
EMPEROR98265292
9:09 Feudal Age
7:26 Loom
12:29 Fletching
17:00 Padded Archer Armor
18:39 Double-Bit Axe
23:53 Castle Age
23:55 Crossbowman
24:41 Thumb Ring
24:57 Bodkin Arrow
26:03 Leather Archer Armor
29:20 Ballistics
Sanskari Ladka
6:06 Loom
8:33 Feudal Age
9:49 Double-Bit Axe
13:13 Horse Collar
18:52 Wheelbarrow
21:16 Castle Age
20:05 Bloodlines
20:23 Gold Mining
20:49 Scale Barding Armor
21:30 Forging
23:36 Hand Cart
26:48 Chain Barding Armor
27:03 Iron Casting
Philosopher Stoned
5:32 Loom
8:48 Feudal Age
9:33 Double-Bit Axe
13:43 Horse Collar
20:00 Scale Barding Armor
20:07 Forging
22:29 Castle Age
20:48 Gold Mining
22:05 Bloodlines
23:39 Gold Shaft Mining
24:02 Wheelbarrow
23:14 Town Watch
23:43 Bow Saw
23:37 Heavy Plow
23:44 Husbandry
28:20 Chain Barding Armor
28:36 Iron Casting
Fresh Dumbledore
6:50 Loom
9:16 Feudal Age
11:13 Double-Bit Axe
16:05 Fletching
18:07 Horse Collar
24:19 Castle Age
23:03 Gold Mining
23:45 Padded Archer Armor
24:56 Bodkin Arrow
24:25 Crossbowman
26:15 Bow Saw
28:42 Heavy Plow
Connection lost

Rejoining the realm…

Still unreachable

The connection could not be restored.

Session expired

The server has moved on; the page needs a fresh start.